 Dungeon Crawl Stone Soup version 0.17.0-18-gaab0e96 (webtiles) character file.

11372 4thArraOfDagon the Grappler (level 11, -1/58 HPs)
             Began as a Vine Stalker Fighter on Nov 11, 2015.
             Was an Elder of Cheibriados.
             Slain by Yevrel's ghost (6 damage)
             ... on level 5 of the Lair of Beasts.
             The game lasted 00:24:04 (3901 turns).

4thArraOfDagon the Grappler (Vine Stalker Fighter)  Turns: 3901, Time: 00:24:04

Health: -1/58      AC: 11    Str: 28    XL:     11   Next: 76%
Magic:  0/16       EV: 10    Int: 15    God:    Cheibriados [****..]
Gold:   561        SH: 25    Dex: 24    Spells: 0 memorised, 10 levels left

rFire  . . .     SeeInvis .       - Unarmed
rCold  + . .     Clarity  .     q - +0 chain mail
rNeg   . . .     SustAt   .     f - +6 large shield of Analysis {rElec MR+ rCorr Int-5}
rPois  +         Gourm    .     (no helmet)
rElec  +         Spirit   +     (no cloak)
rCorr  +         Warding  .     l - +0 pair of gloves
rMut   .         Stasis   .     G - +0 pair of boots
MR     ++++.                    (no amulet)
Stlth  ..........               u - ring of protection from magic
                                B - ring of Suozy {rPois rC+ MR+ Str-2}

@: very slow, incredibly resistant to hostile enchantments, extremely unstealthy
A: fangs 3, regeneration 2, magic shield, antimagic bite, no device heal 3, rot
immunity
a: Bend Time, Temporal Distortion, Slouch, Renounce Religion


You were on level 5 of the Lair of Beasts.
You worshipped Cheibriados.
Cheibriados was greatly pleased with you.
You were not hungry.

You visited 3 branches of the dungeon, and saw 21 of its levels.

You collected 561 gold pieces.

Inventory:

Armour
 c - a +0 large shield of positive energy
 f - the +6 large shield of Analysis (worn) {rElec MR+ rCorr Int-5}
   (You found it on level 5 of the Dungeon)

   It affects your intelligence (-5).
   It insulates you from electricity.
   It affects your resistance to hostile enchantments.
   It protects you from acid and corrosion.
 l - a +0 pair of gloves (worn)
 q - a +0 chain mail (worn)
 G - a +0 pair of boots (worn)
Jewellery
 e - an uncursed ring of see invisible
 n - an uncursed ring of invisibility
 u - a ring of protection from magic (right hand)
 B - the ring of Suozy (left hand) {rPois rC+ MR+ Str-2}
   (You found it on level 11 of the Dungeon)

   [ring of protection from magic]

   It affects your strength (-2).
   It protects you from cold.
   It protects you from poison.
   It affects your resistance to hostile enchantments.
Wands
 p - a wand of teleportation (4)
 r - a wand of frost (18)
 O - a wand of magic darts (17)
Scrolls
 k - 8 scrolls of remove curse
 m - 3 scrolls of fog
 o - 2 scrolls of immolation
 t - a scroll of silence {unknown}
 v - a scroll of vulnerability
 y - a scroll of holy word {unknown}
 A - a scroll of enchant weapon
 C - a scroll of brand weapon
 K - 2 scrolls of identify
 L - a scroll of enchant armour
 N - 4 scrolls of recharging {unknown}
 Q - a scroll of summoning
Potions
 g - a potion of agility {unknown}
 j - 4 potions of curing
 x - 2 potions of haste
 D - a potion of lignification
 E - a potion of flight {unknown}
 F - a potion of brilliance {unknown}
 I - 2 potions of heal wounds
Books
 i - a Necronomicon

   Spells                             Type                      Level
   a - Haunt                          Necromancy/Summoning         7
   b - Borgnjor's Revivification      Necromancy                   8
   c - Death's Door                   Charms/Necromancy            8
   d - Necromutation                  Transmutation/Necromancy     8
 H - a book of Clouds

   Spells                             Type                      Level
   a - Mephitic Cloud                 Conjuration/Poison/Air       3
   b - Conjure Flame                  Conjuration/Fire             3
   c - Poisonous Cloud                Conjuration/Poison/Air       6
   d - Freezing Cloud                 Conjuration/Ice/Air          6
   e - Ring of Flames                 Charms/Fire                  7
 P - a book of Flames

   Spells                             Type                      Level
   a - Flame Tongue                   Conjuration/Fire             1
   b - Throw Flame                    Conjuration/Fire             2
   c - Conjure Flame                  Conjuration/Fire             3
   d - Inner Flame                    Hexes/Fire                   3
   e - Sticky Flame                   Conjuration/Fire             4
   f - Fireball                       Conjuration/Fire             5
Miscellaneous
 w - a fan of gales
 z - a lamp of fire (inert)
 J - a plain deck of wonders
Comestibles
 a - 6 fruits
 b - 4 royal jellies
 d - 8 bread rations
 h - 7 meat rations
 s - a beef jerky
 M - a slice of pizza


   Skills:
 + Level 7.0 Fighting
 - Level 3.1 Armour
 + Level 5.8 Dodging
 * Level 9.2 Shields
 * Level 10.2 Unarmed Combat
 + Level 6.5 Invocations


You had 10 spell levels left.
You didn't know any spells.

Dungeon Overview and Level Annotations

Branches:
Dungeon (15/15)            Temple (1/1) D:7            Lair (5/8) D:9
 Spider (0/4) Lair:3
  Swamp: Lair:3-6    Shoals: Lair:3-6       Orc: D:9-12      Vaults: D:13-14
 Depths: D:15

Altars:
Ashenzari
Cheibriados
Dithmenos
Elyvilon
Fedhas
Gozag
Kikubaaqudgha
Makhleb
Nemelex Xobeh
Qazlal
Ru
Sif Muna
Trog
Vehumet
Xom
Yredelemnul
Zin
The Shining One

Shops:
D:8 *

Annotations:
D:4 Menkaure
D:9 LAIR
D:14 Snorg
Lair:2 septik's ghost, journeyman GrGl
Lair:5 Yevrel's ghost, journeyman MiBe


Innate Abilities, Weirdness & Mutations

You have razor-sharp teeth.
You heal very quickly.
When hurt, damage is shared between your health and your magic reserves.
Your bite disrupts and absorbs the magic of your enemies.
Potions and wands cannot restore your health.
You are immune to rotting.


Message History

You hit Yevrel's ghost but do no damage.
You bite Yevrel's ghost, but do no damage.
Yevrel's ghost is almost destroyed.
Yevrel's ghost hits you!
You punch Yevrel's ghost! Your bite misses Yevrel's ghost.
Yevrel's ghost is almost destroyed.
Yevrel's ghost hits you!
* * * LOW HITPOINT WARNING * * *
You are too injured to fight recklessly!
You closely miss Yevrel's ghost. Your bite misses Yevrel's ghost.
Yevrel's ghost is almost destroyed.
Yevrel's ghost hits you!
* * * LOW HITPOINT WARNING * * *
Unknown command.
Unknown command.
You barely miss Yevrel's ghost.
You bite Yevrel's ghost, but do no damage.
Yevrel's ghost is almost destroyed.
Yevrel's ghost hits you!
You die...

# #. ## #.# ###
.. #..##.### .#
###.......###.#
#.P...@W.#....#
..........#....#
...####........#
.. ##P......## #
##........#
PP#.....####.#
.........# ...
.#......####...
###P#...>..#


You could see Yevrel's ghost.

Vanquished Creatures
  2 unseen horrors (D:13)
  A hill giant (D:12)
  An ugly thing (D:11)
  A centaur zombie (D:13)
  A black mamba (Lair:4)
  2 komodo dragons
  2 tengu conjurers (D:14)
  A troll (D:13)
  A slime creature (D:8)
  A two-headed ogre (D:12)
  A deep elf mage (D:12)
  2 wraiths
  2 wyverns
  A basilisk (Lair:1)
  3 yaks (Lair:1)
  A steam dragon (D:9)
  4 vampire mosquitoes (D:13)
  A hippogriff (D:10)
  4 water moccasins
  A black bear (Lair:3)
  2 orc warriors
  A porcupine (Lair:2)
  2 sky beasts
  3 ice beasts
  8 spiders (Lair:3)
  2 centaurs
  A necrophage (D:13)
  2 ogres
  5 crocodiles
  8 giant frogs
  A big kobold (D:8)
  A wyvern zombie (D:13)
  A wyvern skeleton (D:13)
  A scorpion (D:7)
  3 wights (D:10)
  6 killer bees (D:13)
  A crimson imp (D:11)
  A giant frog zombie (D:10)
  A giant frog skeleton (D:13)
  4 orc wizards
  7 hounds
  8 iguanas
  A worker ant (D:7)
  16 river rats
  A shadow imp (D:10)
  2 adders
  An adder skeleton (D:4)
  5 giant geckos
  9 orcs
  A giant cockroach (D:4)
  A goblin (D:3)
  4 hobgoblins
  2 quokkas
  A giant newt (D:2)
  A jackal zombie (D:7)
  9 kobolds
  2 quokka zombies
  5 rats
163 creatures vanquished.

Vanquished Creatures (collateral kills)
  A hill giant (D:13)
1 creature vanquished.

Vanquished Creatures (others)
  A deep elf mage (D:13)
1 creature vanquished.

Grand Total: 165 creatures vanquished

Notes
Turn   | Place    | Note
--------------------------------------------------------------
     0 | D:1      | 4thArraOfDagon the Vine Stalker Fighter began the quest for the Orb.
     0 | D:1      | Reached XP level 1. HP: 11/11 MP: 2/2
   142 | D:3      | Noticed an orc wizard
   163 | D:3      | Reached XP level 2. HP: 16/16 MP: 3/3
   302 | D:2      | Found a basalt altar of Yredelemnul.
   307 | D:2      | Reached XP level 3. HP: 10/19 MP: 2/4
   308 | D:2      | Found a blossoming altar of Fedhas.
   316 | D:2      | Found a burning altar of Makhleb.
   371 | D:3      | Killed an orc wizard
   371 | D:3      | Reached skill level 3 in Fighting
   420 | D:3      | Found a sacrificial altar of Ru.
   487 | D:4      | Reached XP level 4. HP: 21/24 MP: 5/5
   506 | D:5      | Entered Level 5 of the Dungeon
   532 | D:5      | Got a scorched large shield
   546 | D:5      | Identified the +6 large shield of Analysis {rElec MR+ rCorr Int-5} (You found it on level 5 of the Dungeon)
   684 | D:5      | Found an opulent altar of Gozag.
   689 | D:4      | Noticed Menkaure
   726 | D:5      | Noticed a centaur
   728 | D:5      | Found a glowing golden altar of the Shining One.
   742 | D:5      | Killed a centaur
   742 | D:5      | Reached skill level 1 in Dodging
   742 | D:5      | Reached XP level 5. HP: 17/28 MP: 4/6
   855 | D:7      | Found a staircase to the Ecumenical Temple.
   862 | Temple   | Entered the Ecumenical Temple
   894 | Temple   | Became a worshipper of Cheibriados the Contemplative
   999 | D:7      | Reached skill level 4 in Unarmed Combat
   999 | D:7      | Gained mutation: You heal very quickly. [Vine Stalker growth]
   999 | D:7      | Reached XP level 6. HP: 32/32 MP: 7/7
  1002 | D:7      | Noticed a centaur
  1028 | D:7      | Killed a centaur
  1028 | D:7      | Reached skill level 1 in Invocations
  1085 | D:8      | Found Dekanon's General Store.
  1146 | D:9      | Reached XP level 7. HP: 30/36 MP: 7/9
  1274 | D:9      | Found a bloodstained altar of Trog.
  1484 | D:10     | Entered Level 10 of the Dungeon
  1516 | D:10     | Noticed a wraith
  1524 | D:10     | Reached skill level 5 in Unarmed Combat
  1539 | D:10     | Killed a wraith
  1539 | D:10     | Reached * piety under Cheibriados
  1539 | D:10     | Gained mutation: You have razor-sharp teeth. [Vine Stalker growth]
  1539 | D:10     | Reached XP level 8. HP: 31/42 MP: 10/10
  1595 | D:10     | Reached skill level 5 in Shields
  1608 | D:10     | Noticed a wyvern
  1618 | D:10     | Killed a wyvern
  1700 | D:10     | Reached skill level 6 in Unarmed Combat
  1783 | D:10     | Noticed a hippogriff
  1791 | D:10     | Killed a hippogriff
  1791 | D:10     | Reached XP level 9. HP: 44/46 MP: 12/12
  1990 | D:11     | Got a heavily runed pewter ring
  1998 | D:11     | Identified the ring of Suozy {rPois rC+ MR+ Str-2} (You found it on level 11 of the Dungeon)
  2059 | D:13     | Reached ** piety under Cheibriados
  2118 | D:13     | Reached skill level 5 in Fighting
  2127 | D:13     | Killed an unseen horror
  2127 | D:13     | Reached skill level 7 in Unarmed Combat
  2196 | D:13     | Noticed a hill giant
  2205 | D:13     | Killed a hill giant
  2205 | D:13     | Reached XP level 10. HP: 51/53 MP: 14/14
  2273 | D:14     | Noticed Snorg
  2304 | D:13     | Reached skill level 8 in Unarmed Combat
  2333 | D:13     | Reached skill level 5 in Invocations
  2340 | D:13     | Noticed a centaur zombie
  2357 | D:13     | Killed a centaur zombie
  2451 | D:15     | Entered Level 15 of the Dungeon
  2454 | D:15     | Noticed a tengu warrior
  2515 | D:13     | Killed an unseen horror
  2605 | D:13     | Reached *** piety under Cheibriados
  2689 | D:11     | Noticed a four-headed hydra
  2689 | D:11     | Noticed a white ugly thing
  2694 | D:12     | Reached skill level 5 in Dodging
  2885 | D:12     | Noticed a hill giant
  2892 | D:12     | Reached skill level 9 in Unarmed Combat
  2904 | D:12     | Killed a hill giant
  2904 | D:12     | Reached XP level 11. HP: 51/58 MP: 16/16
  2977 | D:11     | Noticed a four-headed hydra
  2978 | D:11     | Killed a white ugly thing
  2989 | D:10     | Identified a scroll of acquirement
  3032 | D:9      | Noticed a slime creature
  3033 | D:9      | Noticed a slime creature
  3033 | D:9      | Noticed a slime creature
  3044 | D:9      | Noticed a slime creature
  3058 | D:8      | Killed a slime creature
  3179 | D:9      | Noticed a steam dragon
  3187 | D:9      | Killed a steam dragon
  3191 | D:9      | Found a staircase to the Lair.
  3248 | Lair:1   | Entered Level 1 of the Lair of Beasts
  3409 | Lair:2   | Noticed septik's ghost (journeyman GrGl)
  3567 | Lair:2   | Reached **** piety under Cheibriados
  3600 | Lair:2   | You fall through a shaft!
  3711 | Lair:3   | Reached skill level 10 in Unarmed Combat
  3724 | Lair:3   | Found a hole to the Spider Nest.
  3783 | Lair:4   | Reached ***** piety under Cheibriados
  3841 | Lair:5   | Noticed Yevrel's ghost (journeyman MiBe)
  3901 | Lair:5   | Slain by Yevrel's ghost

Action                   |  1- 3 |  4- 6 |  7- 9 | 10-12 || total
-------------------------+-------+-------+-------+-------++-------
Melee: Unarmed           |    76 |    79 |   223 |   436 ||   814
Invok: Bend Time         |       |       |       |     1 ||     1
       Temporal Distorti |       |       |       |     3 ||     3
       Slouch            |       |       |       |     1 ||     1
Evoke: Lamp of fire      |       |       |     1 |       ||     1
  Use: Scroll            |     4 |     6 |     3 |     9 ||    22
       Potion            |       |       |     2 |       ||     2
  Eat: Chunk             |       |     1 |     3 |     1 ||     5
       Royal jelly       |       |       |       |     1 ||     1
       Beef jerky        |       |       |       |     1 ||     1
